Construct Infanterie Kompanie
Selects Luftwaffe Battlegroup
Selects Luftwaffe Pioneer Support
Fallschirmpioneer Squad Paradrop
Fallschirmpioneer Squad Paradrop
Fallschirmpioneer Squad Paradrop
Selects Stuka Strafing Run
Selects Fallschirmjäger Squad Paradrop
Fallschirmjäger Squad Paradrop
Construct Luftwaffe Kompanie
Fallschirmjäger Squad Paradrop
Selects Flak 38 Anti-Air Emplacement
Selects Fragmentation Bombs